 Dungeon Crawl Stone Soup version 0.31-a0-564-g3b7de120b3 (webtiles) character file.

Game seed: 11657082909384152707

229 javelincjr the Digger (level 6, -4/32 HPs)
             Began as a Gargoyle Earth Elementalist on Aug 17, 2023.
             Was a Follower of Sif Muna.
             Killed from afar by NerdlingAK's ghost (6 damage)
             ... with a magic dart
             ... on level 3 of the Dungeon.
             The game lasted 00:11:23 (3101 turns).

javelincjr the Digger (Gargoyle Earth Elementalist) Turns: 3101, Time: 00:11:23

Health: -4/32      AC:  6    Str: 11    XL:     6   Next: 3%
Magic:  3/10       EV: 13    Int: 18    God:    Sif Muna [*.....]
Gold:   50         SH:  0    Dex: 16    Spells: 7/11 levels left

rFire   . . .        o - +1 mace (protect)
rCold   . . .        (no shield)
rNeg    + . .        a - +0 robe
rPois   ∞            (no helmet)
rElec   +            (no cloak)
rCorr   .            (no gloves)
SInv    .            (no boots)
Will    .....        k - amulet of the acrobat
Stlth   +++          s - +6 ring of dexterity
HPRegen 0.25/turn    (no ring)
MPRegen 0.12/turn

%: acrobat
@: no status effects
A: sickness immunity, AC +4, negative energy resistance 1, electricity
resistance, torment resistance 1, petrification resistance
a: Renounce Religion, Channel Magic


You were on level 3 of the Dungeon.
You worshipped Sif Muna.
Sif Muna was aware of your devotion.
You visited 1 branch of the dungeon, and saw 3 of its levels.

You collected 130 gold pieces.
You spent 80 gold pieces at shops.

Inventory:

Hand Weapons
 e - a +0 dagger
 o - a +1 mace of protection (weapon)
 q - a +0 heavy spear
Armour
 a - a +0 robe (worn)
 d - an orb of guile
Jewellery
 k - an amulet of the acrobat (around neck)
 s - a +6 ring of dexterity (left hand)
Wands
 l - a wand of paralysis (10)
Scrolls
 h - a scroll of fear {unknown}
 i - 4 scrolls of teleportation {unknown}
 m - a scroll of poison {unknown}
 t - 2 scrolls of identify {unknown}
 u - a scroll of vulnerability {unknown}
 v - a scroll of enchant weapon {unknown}
Potions
 b - a potion of magic
 c - a potion of berserk rage {unknown}
 f - 4 potions of attraction {unknown}
 g - 3 potions of curing
 j - 2 potions of experience {unknown}
 n - 2 potions of heal wounds
 p - a potion of enlightenment {unknown}
 r - a potion of haste {unknown}


   Skills:
 + Level 2.6 Dodging
 + Level 3.6 Stealth
 + Level 3.0 Spellcasting
 + Level 2.2 Transmutations
 + Level 4.7 Earth Magic


You had 7 spell levels left.
You knew the following spells:

 Your Spells              Type           Power      Damage    Failure   Level
a - Sandblast             Erth           38%        2d10      2%          1
b - Stone Arrow           Conj/Erth      22%        3d8       19%         3

Your spell library contained the following spells:

 Spells                   Type           Power      Damage    Failure   Level
 Passwall                 Tmut/Erth      12%        N/A       6%          2
 Apportation              Tloc           4%         N/A       16%         1
 Petrify                  Tmut/Erth      15%        N/A       36%         4
 Vhi's Electric Charge    Tloc/Air       4%         N/A       43%         3
 Alistair's Intoxication  Tmut/Pois      4%         N/A       96%         5
 Arcjolt                  Conj/Air       1%         1d11      99%         5
 Maxwell's Capacitive Co  Air            1%         ∞         100%        8


Dungeon Overview and Level Annotations

Branches:
Dungeon (3/15)

Altars:
Sif Muna

Shops:
D:1 *   D:2 !   D:3 (

Annotations:
D:2 Sigmund
D:3 NerdlingAK's ghost, amateur DECj


Innate Abilities, Weirdness & Mutations

You are immune to sickness and miasma.
Your stone body is resilient. (AC +4)
You are immune to poison.
You resist negative energy. (rN+)
You are resistant to electric shocks. (rElec)
You are resistant to unholy torment.
You are immune to petrification.


Message History

The magic dart hits you!
NerdlingAK's ghost gestures at you while chanting.
The magic dart hits you.
Casting: Sandblast (safe; 2% risk of failure)
Confirm with . or Enter, or press ? or * to list all spells.
Aiming: Sandblast (safe; 2% risk of failure)
Press: ? - help, Shift-Dir - straight line, f/p - NerdlingAK's ghost
Aim: NerdlingAK's ghost (severely damaged, 77% to hit)
The blast of sand hits NerdlingAK's ghost but does no damage.
NerdlingAK's ghost is severely damaged.
NerdlingAK's ghost completely misses you.
Casting: Sandblast (safe; 2% risk of failure)
Confirm with . or Enter, or press ? or * to list all spells.
Aiming: Sandblast (safe; 2% risk of failure)
Press: ? - help, Shift-Dir - straight line, f/p - NerdlingAK's ghost
Aim: NerdlingAK's ghost (severely damaged, 77% to hit)
The blast of sand hits NerdlingAK's ghost but does no damage.
NerdlingAK's ghost is severely damaged.
NerdlingAK's ghost hits you. x2
Casting: Sandblast (safe; 2% risk of failure)
Confirm with . or Enter, or press ? or * to list all spells.
Aiming: Sandblast (safe; 2% risk of failure)
Press: ? - help, Shift-Dir - straight line, f/p - NerdlingAK's ghost
Aim: NerdlingAK's ghost (severely damaged, 77% to hit)
The blast of sand hits NerdlingAK's ghost but does no damage.
NerdlingAK's ghost is severely damaged.
NerdlingAK's ghost hits you.
Casting: Sandblast (safe; 2% risk of failure)
Confirm with . or Enter, or press ? or * to list all spells.
Aiming: Sandblast (safe; 2% risk of failure)
Press: ? - help, Shift-Dir - straight line, f/p - NerdlingAK's ghost
Aim: NerdlingAK's ghost (severely damaged, 77% to hit)
The blast of sand misses NerdlingAK's ghost.
The blast of sand hits the bullfrog!!
The bullfrog is almost dead.
NerdlingAK's ghost hits you!
* * * LOW HITPOINT WARNING * * *
NerdlingAK's ghost gestures at you while chanting.
The magic dart hits you.
You die...

#.####.####### #.# #...
#..).......#~# #.# ######.
#.........##?#####.# ##...##.
####...##.##.##~#.....###.....#[
##......##.##.##~#...............
#..###..##.##.##S#...............
...#.#..##.##.##F#..†............
.##.##..##.....#W#......##.....##
.#.#...######...@..##.#.###.>.###
#.##...# #.#...###............
.#...#.# #.##..# ###.###.#####
##.....# #.##..# ##.# #.#
...).### #.##..# #..# #.# ..#..#
#.##..# #.## #.# ..†#.# #.##..#
#.# #.# ##...# #.##..####.####.#
.#...########.##.......†....#


You could see a bullfrog, NerdlingAK's ghost and an adder.

Vanquished Creatures
  2 orc priests
  Natasha (D:3)
  An orc wizard (D:2)
  3 adders
  A worm (D:2)
  2 dart slugs
  5 orcs
  7 bats
  11 endoplasms
  2 giant cockroaches (D:3)
  11 goblins
  7 hobgoblins
  4 jackals (D:1)
  8 kobolds
  2 quokkas (D:2)
  2 ball pythons (D:2)
  4 frilled lizards
  7 rats
80 creatures vanquished.

Notes
Turn   | Place    | Note
-------+----------+-------------------------------------------
     0 | D:1      | javelincjr the Gargoyle Earth Elementalist began the quest
                  | for the Orb.
     0 | D:1      | Reached XP level 1. HP: 10/10 MP: 3/3
    51 | D:1      | Found Juqeb's Assorted Antiques.
   216 | D:1      | Reached skill level 1 in Transmutations
   216 | D:1      | Reached XP level 2. HP: 15/15 MP: 1/5
   731 | D:1      | Reached XP level 3. HP: 19/19 MP: 4/6
  1060 | D:1      | Reached skill level 4 in Earth Magic
  1301 | D:2      | Noticed Sigmund
  1494 | D:2      | Reached XP level 4. HP: 22/24 MP: 5/7
  1692 | D:2      | Reached XP level 5. HP: 28/28 MP: 5/9
  1876 | D:2      | Found a shimmering blue altar of Sif Muna.
  1885 | D:2      | Became a worshipper of Sif Muna the Loreminder
  1894 | D:2      | Found Muvvuf Uska's Distillery.
  1910 | D:2      | Bought a potion of curing for 30 gold pieces
  1910 | D:2      | Bought a potion of heal wounds for 50 gold pieces
  2663 | D:3      | Found Xiruem's Weapon Emporium.
  2947 | D:3      | Reached * piety under Sif Muna
  2973 | D:3      | Found a faded altar of an unknown god.
  3059 | D:3      | Noticed Natasha
  3061 | D:3      | Found a runed translucent door.
  3065 | D:3      | Killed Natasha
  3066 | D:3      | Reached XP level 6. HP: 27/32 MP: 6/10
  3070 | D:3      | Learned a level 3 spell: Stone Arrow
  3075 | D:3      | Noticed NerdlingAK's ghost (amateur DECj)
  3101 | D:3      | Killed from afar by NerdlingAK's ghost

Illustrated notes

Levels and vault maps discovered:
D:1:      minmay_arrival_plants_in_alcoves, layout_basic, serial_shops, shop
D:2:      layout_basic, serial_shops, shop_statue, basic_altar,
          grunt_decor_mini_mirrors, uniq_sigmund
D:3:      layout_loops_ring, ebering_ecumenical_altar_petrified, serial_shops,
          nicolae_shop_window_shopping, ebering_ghost_sewer_d, minmay_vboxes,
          uniq_natasha

Skill      XL: |  1  2  3  4  5 |
---------------+----------------+-----
Transmutations | 1 2 |  2.2
Earth Magic    | 4 |  4.7
Dodging        | 2 |  2.6
Stealth        | 3 |  3.6
Spellcasting   | 3 |  3.0

Action                     |  1- 3 |  4- 6 || total
---------------------------+-------+-------++-------
  Melee: Unarmed           |     2 |       ||     2
         Dagger            |       |     1 ||     1
         Mace              |       |    19 ||    19
   Cast: Sandblast         |    50 |    70 ||   120
         Stone Arrow       |       |     1 ||     1
   Stab: Sleeping          |       |     1 ||     1
 Armour: Robe              |    11 |    16 ||    27
  Dodge: Dodged            |    21 |    25 ||    46

Table legend: (Time is in decaauts)
 A = Elapsed time spent in this place.
 B = Non-inter-level travel time spent in this place.
 C = Inter-level travel time spent in this place.
 D = Time resting spent in this place.
 E = Time spent auto-exploring this place.
 F = Levels seen in this place.
 G = Mean time per level.
                   A        B        C        D        E       F      G
               +--------+--------+--------+--------+--------+-----+--------+
         Total |   3167 |   3088 |     79 |    182 |   2364 |   3 | 1055.7 |
       Dungeon |   3167 |   3088 |     79 |    182 |   2364 |   3 | 1055.7 |
               +--------+--------+--------+--------+--------+-----+--------+

Top non-repeatable levels by time:
     D:1: 1212 daAuts
     D:2: 1109 daAuts
     D:3: 845 daAuts
